| TOP OF THE 1ST |
|
Pennsylvania State University Nittany Lions batting - Pitching for Oklahoma State University Cowboys : RHP Jean-Philippe Guéry
|
|
Pitching: RHP Jean-Philippe Guéry
|
|
|
Batting: RHB Francisco Velazquez
|
0-0: Ball 1-0: Fly out, F6 (Line Drive, 56, EV 70.6 MPH)
|
|
Batting: RHB Joe Strachan
|
0-0: Ball 1-0: Ball 2-0: Called Strike 2-1: DOUBLE (Flyball, 8RXD, EV 101.2 MPH)
|
|
Batting: RHB Rob Hinojosa
|
0-0: Foul Ball, location: 2F 0-1: Ball 1-1: Ball 2-1: Ball 3-1: Foul Ball, location: 2F 3-2: Reached on error, E5 (Groundball, 56, EV 92.5 MPH) Joe Strachan scores
|
|
Batting: RHB Pete Martin
|
0-0: Ball 1-0: Ball 2-0: Foul Ball, location: 2F 2-1: Foul Ball, location: 2F 2-2: Fly out, F8 (Line Drive, 8LD, EV 104.4 MPH)
|
|
Batting: RHB Victor Victorino
|
0-0: Ball 1-0: Ball 2-0: Foul Ball, location: 2F 2-1: Fly out, F8 (Flyball, 78M, EV 89.4 MPH)
|
| Top of the 1st over - 1 run, 1 hit, 1 error, 1 left on base; Pennsylvania State University 1 - Oklahoma State University 0 |
| BOTTOM OF THE 1ST |
|
Oklahoma State University Cowboys batting - Pitching for Pennsylvania State University Nittany Lions : RHP Ian Hancock
|
|
Pitching: RHP Ian Hancock
|
|
|
Batting: RHB Simon Gravitt
|
0-0: Called Strike 0-1: Foul Ball, location: 2F 0-2: Fly out, F9 (Flyball, 89D, EV 103.1 MPH)
|
|
Batting: LHB Dwayne Roche
|
0-0: Swinging Strike 0-1: Foul Ball, location: 2F 0-2: Ball 1-2: Strikes out swinging
|
|
Batting: LHB Kyle David
|
0-0: Foul Ball, location: 2F 0-1: Foul Ball, location: 2F 0-2: Hit by Pitch
|
|
Batting: LHB Jeff Williams
|
0-0: Ball 1-0: Ball 2-0: Swinging Strike 2-1: Ball 3-1: 2-RUN HOME RUN (Flyball, 9D, EV 97.5 MPH), Distance : 377 ft
|
|
Batting: RHB Magnus Laursen
|
0-0: Ball 1-0: Foul Ball, location: 2F 1-1: Foul Ball, location: 2F 1-2: Ball 2-2: SINGLE (Line Drive, 89M, EV 99.4 MPH)
|
|
Batting: LHB Cory Rohr
|
0-0: Called Strike 0-1: SINGLE (Line Drive, 78S, EV 105.6 MPH) Magnus Laursen to second
|
|
Batting: RHB Rory Cardosi
|
0-0: Ball 1-0: Ball 2-0: Ball 3-0: Called Strike 3-1: Fly out, F7 (Flyball, 7, EV 79.4 MPH)
|
| Bottom of the 1st over - 2 runs, 3 hits, 0 errors, 2 left on base; Pennsylvania State University 1 - Oklahoma State University 2 |
| TOP OF THE 2ND |
|
Pennsylvania State University Nittany Lions batting - Pitching for Oklahoma State University Cowboys : RHP Jean-Philippe Guéry
|
|
Batting: RHB Kevin Claus
|
0-0: Foul Ball, location: 2F 0-1: Ground out 5-3 (Groundball, 56S, EV 69.4 MPH)
|
|
Batting: RHB Jesse Bandt
|
0-0: Called Strike 0-1: Foul Ball, location: 2F 0-2: Strikes out looking
|
|
Batting: LHB Dan Lape
|
0-0: Ball 1-0: Ball 2-0: Foul Ball, location: 2F 2-1: Called Strike 2-2: Strikes out swinging
|
| Top of the 2nd over - 0 runs, 0 hits, 0 errors, 0 left on base; Pennsylvania State University 1 - Oklahoma State University 2 |
| BOTTOM OF THE 2ND |
|
Oklahoma State University Cowboys batting - Pitching for Pennsylvania State University Nittany Lions : RHP Ian Hancock
|
|
Batting: RHB Estevan Alvarez
|
0-0: DOUBLE (Flyball, 9LD, EV 84.4 MPH)
|
|
Batting: RHB Frederik Koster
|
0-0: Ball 1-0: Swinging Strike 1-1: Ground out 5-3 (Groundball, 56S, EV 88.8 MPH)
|
|
Batting: RHB Simon Gravitt
|
0-0: Ball 1-0: Ball 2-0: Ball 3-0: Called Strike 3-1: Base on Balls
|
|
Batting: LHB Dwayne Roche
|
0-0: Called Strike 0-1: Ball 1-1: Fly out, F8 (Flyball, 8RD, EV 91.9 MPH)
|
|
Batting: LHB Kyle David
|
0-0: Ball 1-0: Called Strike 1-1: Foul Ball, location: 2F 1-2: Foul Ball, location: 2F 1-2: Foul Ball, location: 2F 1-2: Ball 2-2: Ball 3-2: DOUBLE (Line Drive, 3D, EV 95.6 MPH) Estevan Alvarez scores Simon Gravitt to third Simon Gravitt scores
|
|
Batting: LHB Jeff Williams
|
0-0: Ball 1-0: Called Strike 1-1: Reached on error, E5 (Groundball, 56S, EV 84.4 MPH) Kyle David scores
|
|
Batting: RHB Magnus Laursen
|
0-0: Fly out, F8 (Flyball, 78D, EV 102.5 MPH)
|
| Bottom of the 2nd over - 3 runs, 2 hits, 1 error, 1 left on base; Pennsylvania State University 1 - Oklahoma State University 5 |
| TOP OF THE 3RD |
|
Pennsylvania State University Nittany Lions batting - Pitching for Oklahoma State University Cowboys : RHP Jean-Philippe Guéry
|
|
Batting: RHB Perry Brantley
|
0-0: Ball 1-0: Ball 2-0: SINGLE (Groundball, 56D, EV 98.8 MPH)
|
|
Batting: RHB Francisco Velazquez
|
0-0: Ball 1-0: Grounds into double play, 3-6-3 (Groundball, 3, EV 81.9 MPH)
|
|
Batting: RHB Joe Strachan
|
0-0: Ball 1-0: Called Strike 1-1: Foul Ball, location: 2F 1-2: Fly out, F9 (Line Drive, 9S, EV 106.9 MPH)
|
| Top of the 3rd over - 0 runs, 1 hit, 0 errors, 0 left on base; Pennsylvania State University 1 - Oklahoma State University 5 |
| BOTTOM OF THE 3RD |
|
Oklahoma State University Cowboys batting - Pitching for Pennsylvania State University Nittany Lions : RHP Ian Hancock
|
|
Batting: LHB Cory Rohr
|
0-0: Ball 1-0: Foul Ball, location: 2F 1-1: Swinging Strike 1-2: Strikes out looking
|
|
Batting: RHB Rory Cardosi
|
0-0: Called Strike 0-1: Called Strike 0-2: Ball 1-2: Fly out, F9 (Flyball, 9, EV 92.5 MPH)
|
|
Batting: RHB Estevan Alvarez
|
0-0: Fly out, F7 (Flyball, 7S, EV 91.9 MPH)
|
| Bottom of the 3rd over - 0 runs, 0 hits, 0 errors, 0 left on base; Pennsylvania State University 1 - Oklahoma State University 5 |
| TOP OF THE 4TH |
|
Pennsylvania State University Nittany Lions batting - Pitching for Oklahoma State University Cowboys : RHP Jean-Philippe Guéry
|
|
Batting: RHB Rob Hinojosa
|
0-0: Called Strike 0-1: Ball 1-1: Ball 2-1: Ball 3-1: Called Strike 3-2: Base on Balls
|
|
Batting: RHB Pete Martin
|
0-0: Called Strike 0-1: Ball 1-1: Swinging Strike 1-2: Ball 2-2: Foul Ball, location: 2F 2-2: Grounds into double play, 5-4-3 (Groundball, 5S, EV 90.0 MPH)
|
|
Batting: RHB Victor Victorino
|
0-0: Ball 1-0: Ball 2-0: Foul Ball, location: 2F 2-1: Swinging Strike 2-2: Fly out, F8 (Flyball, 8RD, EV 100.0 MPH)
|
| Top of the 4th over - 0 runs, 0 hits, 0 errors, 0 left on base; Pennsylvania State University 1 - Oklahoma State University 5 |
| BOTTOM OF THE 4TH |
|
Oklahoma State University Cowboys batting - Pitching for Pennsylvania State University Nittany Lions : RHP Ian Hancock
|
|
Batting: RHB Frederik Koster
|
0-0: Ball 1-0: Foul Ball, location: 2F 1-1: Reached on error, E6 (Groundball, 6, EV 77.5 MPH)
|
|
Batting: RHB Simon Gravitt
|
0-0: Called Strike 0-1: Called Strike Frederik Koster steals 2nd base 0-2: Ball 1-2: Strikes out swinging
|
|
Batting: LHB Dwayne Roche
|
0-0: Called Strike 0-1: Foul Ball, location: 2F 0-2: Ball 1-2: SINGLE (Flyball, 89S, EV 88.8 MPH) Frederik Koster to third Runner from 3rd tries for Home, SAFE, throw by RF to home
|
|
Batting: LHB Kyle David
|
0-0: Ball 1-0: Called Strike Dwayne Roche steals 2nd base 1-1: Foul Ball, location: 2F 1-2: Foul Ball, location: 2F 1-2: Strikes out looking
|
|
Batting: LHB Jeff Williams
|
0-0: Called Strike 0-1: Ball 1-1: Foul Ball, location: 2F 1-2: Ball 2-2: Strikes out swinging
|
| Bottom of the 4th over - 1 run, 1 hit, 1 error, 1 left on base; Pennsylvania State University 1 - Oklahoma State University 6 |
| TOP OF THE 5TH |
|
Pennsylvania State University Nittany Lions batting - Pitching for Oklahoma State University Cowboys : RHP Jean-Philippe Guéry
|
|
Batting: RHB Kevin Claus
|
0-0: Called Strike 0-1: Foul Ball, location: 2F 0-2: Ball 1-2: Ball 2-2: Ground out 5-3 (Groundball, 5, EV 83.1 MPH)
|
|
Batting: RHB Jesse Bandt
|
0-0: Ball 1-0: Fly out, F9 (Flyball, 9D, EV 83.1 MPH)
|
|
Batting: LHB Dan Lape
|
0-0: Called Strike 0-1: Foul Ball, location: 2F 0-2: Fly out, F7 (Flyball, 7, EV 97.5 MPH)
|
| Top of the 5th over - 0 runs, 0 hits, 0 errors, 0 left on base; Pennsylvania State University 1 - Oklahoma State University 6 |
| BOTTOM OF THE 5TH |
|
Oklahoma State University Cowboys batting - Pitching for Pennsylvania State University Nittany Lions : RHP Ian Hancock
|
|
Pitching: LHP Yari Rono
|
|
|
Batting: RHB Magnus Laursen
|
0-0: Ball 1-0: Foul Ball, location: 2F 1-1: Ball 2-1: Swinging Strike 2-2: Foul Ball, location: 2F 2-2: Ball 3-2: Fly out, F9 (Flyball, 9S, EV 91.9 MPH)
|
|
Batting: LHB Cory Rohr
|
0-0: SINGLE (Line Drive, 7S, EV 106.9 MPH)
|
|
Batting: RHB Rory Cardosi
|
0-0: Fly out, F9 (Flyball, 9, EV 96.2 MPH)
|
|
Batting: RHB Estevan Alvarez
|
0-0: Called Strike 0-1: Called Strike 0-2: SINGLE (Groundball, 6MD, EV 106.2 MPH) Cory Rohr to second
|
|
Batting: RHB Frederik Koster
|
0-0: Foul Ball, location: 2F 0-1: Foul Ball, location: 2F 0-2: Fielders Choice at 2nd, 5-4 (Groundball, 56, EV 88.8 MPH)
|
| Bottom of the 5th over - 0 runs, 2 hits, 0 errors, 2 left on base; Pennsylvania State University 1 - Oklahoma State University 6 |
| TOP OF THE 6TH |
|
Pennsylvania State University Nittany Lions batting - Pitching for Oklahoma State University Cowboys : RHP Jean-Philippe Guéry
|
|
Batting: RHB Perry Brantley
|
0-0: Ball 1-0: Fly out, F7 (Flyball, 7, EV 86.2 MPH)
|
|
Batting: RHB Francisco Velazquez
|
0-0: Ball 1-0: Ball 2-0: Called Strike 2-1: Called Strike 2-2: Strikes out swinging
|
|
Batting: RHB Joe Strachan
|
0-0: Foul Ball, location: 2F 0-1: Called Strike 0-2: Ball 1-2: Foul Ball, location: 2F 1-2: Ground out 6-3 (Groundball, 6, EV 86.9 MPH)
|
| Top of the 6th over - 0 runs, 0 hits, 0 errors, 0 left on base; Pennsylvania State University 1 - Oklahoma State University 6 |
| BOTTOM OF THE 6TH |
|
Oklahoma State University Cowboys batting - Pitching for Pennsylvania State University Nittany Lions : LHP Yari Rono
|
|
Batting: RHB Simon Gravitt
|
0-0: Called Strike 0-1: Foul Ball, location: 2F 0-2: Ball 1-2: SINGLE (Line Drive, 6D, EV 98.1 MPH)
|
|
Batting: LHB Dwayne Roche
|
0-0: Ball 1-0: Ball 2-0: Called Strike Simon Gravitt steals 2nd base 2-1: Swinging Strike 2-2: Ground out 1-3 (Groundball, 13, EV 70.6 MPH) Simon Gravitt to third
|
|
Pitching: RHP Jason Marko
|
|
|
Batting: LHB Kyle David
|
0-0: Ball 1-0: Foul Ball, location: 2F 1-1: Swinging Strike 1-2: SINGLE (Groundball, 6M, EV 100.6 MPH) Simon Gravitt scores
|
|
Batting: LHB Jeff Williams
|
0-0: Ball 1-0: Ball 2-0: Ball 3-0: Base on Balls Kyle David to second
|
|
Batting: RHB Magnus Laursen
|
0-0: Called Strike 0-1: Ball 1-1: Foul Ball, location: 2F 1-2: Ball 2-2: Ball 3-2: Base on Balls Kyle David to third Jeff Williams to second
|
|
Batting: LHB Cory Rohr
|
0-0: Ball 1-0: Foul Ball, location: 2F 1-1: Ball 2-1: Fly out, F8 (Flyball, 8LM, EV 81.9 MPH) Runner from 3rd tags up, SCORES, throw by CF
|
|
Batting: RHB Rory Cardosi
|
0-0: Ball 1-0: Fly out, F8 (Flyball, 8LM, EV 90.0 MPH)
|
| Bottom of the 6th over - 2 runs, 2 hits, 0 errors, 2 left on base; Pennsylvania State University 1 - Oklahoma State University 8 |
| TOP OF THE 7TH |
|
Pennsylvania State University Nittany Lions batting - Pitching for Oklahoma State University Cowboys : RHP Jean-Philippe Guéry
|
|
Batting: RHB Rob Hinojosa
|
0-0: Foul Ball, location: 2F 0-1: Ball 1-1: Swinging Strike 1-2: Ball 2-2: Foul Ball, location: 2F 2-2: Foul Ball, location: 2F 2-2: Ball 3-2: Fly out, F9 (Flyball, 9, EV 93.8 MPH)
|
|
Pitching: RHP Brendan Best
|
|
|
Batting: RHB Pete Martin
|
0-0: Ball 1-0: Foul Ball, location: 2F 1-1: Ball 2-1: Foul Ball, location: 2F 2-2: Foul Ball, location: 2F 2-2: Ball 3-2: SINGLE (Groundball, 56D, EV 95.6 MPH)
|
|
Batting: RHB Victor Victorino
|
0-0: Ball 1-0: Called Strike Pete Martin steals 2nd base (no throw) 1-1: Ball 2-1: Fly out, F9 (Flyball, 9LM, EV 79.4 MPH)
|
|
Batting: RHB Kevin Claus
|
0-0: Ground out 4-3 (Groundball, 4MS, EV 71.2 MPH)
|
| Top of the 7th over - 0 runs, 1 hit, 0 errors, 1 left on base; Pennsylvania State University 1 - Oklahoma State University 8 |
| BOTTOM OF THE 7TH |
|
Oklahoma State University Cowboys batting - Pitching for Pennsylvania State University Nittany Lions : RHP Jason Marko
|
|
Batting: RHB Estevan Alvarez
|
0-0: Ball 1-0: DOUBLE (Line Drive, 7LM, EV 104.4 MPH)
|
|
Pitching: RHP Jamie Galarza
|
|
|
Batting: RHB Frederik Koster
|
0-0: SINGLE (Groundball, 56S, EV 71.2 MPH) (infield hit) Estevan Alvarez to third
|
|
Batting: RHB Simon Gravitt
|
0-0: Fly out, F7 (Flyball, 7, EV 83.8 MPH) Runner from 3rd tags up, SCORES, throw by LF
|
|
Batting: LHB Dwayne Roche
|
0-0: Fielders Choice at 2nd, 4-6 (Groundball, 4S, EV 85.0 MPH)
|
|
Batting: LHB Kyle David
|
0-0: Ball 1-0: Ball 2-0: Called Strike 2-1: Foul Ball, location: 2F 2-2: Foul Ball, location: 2F 2-2: Ball 3-2: Foul Ball, location: 2F 3-2: Fly out, F9 (Line Drive, 9, EV 100.6 MPH)
|
| Bottom of the 7th over - 1 run, 2 hits, 0 errors, 1 left on base; Pennsylvania State University 1 - Oklahoma State University 9 |
| TOP OF THE 8TH |
|
Pennsylvania State University Nittany Lions batting - Pitching for Oklahoma State University Cowboys : RHP Brendan Best
|
|
Batting: RHB Jesse Bandt
|
0-0: Called Strike 0-1: Foul Ball, location: 2F 0-2: Ball 1-2: Hit by Pitch
|
|
Batting: LHB Dan Lape
|
0-0: Swinging Strike 0-1: Ball 1-1: Ball 2-1: Ball 3-1: Foul Ball, location: 2F 3-2: Foul Ball, location: 2F 3-2: Foul Ball, location: 2F 3-2: Foul Ball, location: 2F 3-2: Foul Ball, location: 2F 3-2: Base on Balls Jesse Bandt to second
|
|
Pitching: RHP Santiago Lopez
|
|
|
Batting: RHB Perry Brantley
|
0-0: Ball 1-0: Foul Ball, location: 2F 1-1: Fly out, F8 (Flyball, 8LM, EV 92.5 MPH)
|
|
Batting: RHB Josh Ebeling
|
0-0: Foul Ball, location: 2F 0-1: Ball 1-1: Called Strike 1-2: Foul Ball, location: 2F 1-2: Ball 2-2: Ball 3-2: SINGLE (Groundball, 56D, EV 97.5 MPH) Jesse Bandt to third Dan Lape to second Runner from 3rd tries for Home, SAFE, throw by LF to home
|
|
Batting: RHB Joe Strachan
|
0-0: Called Strike 0-1: Ball 1-1: Ball 2-1: Swinging Strike 2-2: Fly out, F8 (Flyball, 8LD, EV 93.1 MPH)
|
|
Batting: RHB Rob Hinojosa
|
0-0: Foul Ball, location: 2F 0-1: Fly out, F8 (Flyball, 8RM, EV 90.6 MPH)
|
| Top of the 8th over - 1 run, 1 hit, 0 errors, 2 left on base; Pennsylvania State University 2 - Oklahoma State University 9 |
| BOTTOM OF THE 8TH |
|
Oklahoma State University Cowboys batting - Pitching for Pennsylvania State University Nittany Lions : RHP Jamie Galarza
|
|
Batting: LHB Jeff Williams
|
0-0: Foul Ball, location: 2F 0-1: Fly out, F8 (Flyball, 8RD, EV 97.5 MPH)
|
|
Batting: RHB Magnus Laursen
|
0-0: Ball 1-0: Foul Ball, location: 2F 1-1: Ball 2-1: Ball 3-1: Base on Balls
|
|
Pitching: RHP Hector Guzman
|
|
|
Batting: LHB Cory Rohr
|
0-0: Ball 1-0: Grounds into double play, 4-6-3 (Groundball, 4, EV 88.1 MPH)
|
| Bottom of the 8th over - 0 runs, 0 hits, 0 errors, 0 left on base; Pennsylvania State University 2 - Oklahoma State University 9 |
| TOP OF THE 9TH |
|
Pennsylvania State University Nittany Lions batting - Pitching for Oklahoma State University Cowboys : RHP Santiago Lopez
|
|
Batting: RHB Pete Martin
|
0-0: SINGLE (Line Drive, 8RS, EV 88.1 MPH)
|
|
Pitching: RHP Justin Reed
|
|
|
Batting: RHB Victor Victorino
|
0-0: Ball 1-0: Called Strike 1-1: SINGLE (Groundball, 6D, EV 103.8 MPH) Pete Martin to second
|
|
Batting: RHB Kevin Claus
|
0-0: Called Strike 0-1: DOUBLE (Flyball, 89XD, EV 105.0 MPH) Pete Martin scores Victor Victorino to third
|
|
Batting: RHB Jesse Bandt
|
0-0: Swinging Strike 0-1: Called Strike 0-2: Foul Ball, location: 2F 0-2: Ball 1-2: Ball 2-2: Ball 3-2: Strikes out swinging
|
|
Batting: LHB Dan Lape
|
0-0: Ball 1-0: Ground out 3-1 (Groundball, 34, EV 86.2 MPH) Victor Victorino scores Kevin Claus to third
|
|
Batting: RHB Perry Brantley
|
0-0: Called Strike 0-1: Ground out 3-1 (Groundball, 34S, EV 60.6 MPH)
|
| Top of the 9th over - 2 runs, 3 hits, 0 errors, 1 left on base; Pennsylvania State University 4 - Oklahoma State University 9 |
|